 Dungeon Crawl Stone Soup version 0.18-a0-1070-gd466a24 (webtiles) character file.

67 wvc the Ogre Mage (level 4, 0/42 HPs)
             Began as an Ogre Wizard on Jan 14, 2016.
             Was a Follower of Cheibriados.
             Slain by Crazy Yiuf
             ... wielding a +4 quarterstaff of chaos
              (15 damage)
             ... on level 3 of the Dungeon.
             The game lasted 00:07:16 (2612 turns).

wvc the Ogre Mage (Ogre Wizard)                     Turns: 2612, Time: 00:07:16

Health: 0/42       AC:  3    Str: 14    XL:     4   Next: 18%
Magic:  0/9        EV: 13    Int: 20    God:    Cheibriados [*.....]
Gold:   185        SH:  0    Dex: 10    Spells: 4 memorised, 2 levels left

rFire  . . .     SeeInvis .     t - +1 mace
rCold  . . .     Gourm    .     a - +0 robe
rNeg   . . .     Faith    .     (no shield)
rPois  .         Spirit   .     b - +0 hat
rElec  .         Dismiss  .     (no cloak)
rCorr  .         Reflect  .     (gloves unavailable)
SustAt .         Harm     .     (boots unavailable)
MR     .....                    (no amulet)
Stlth  +.........               (no ring)
                                m - +3 ring of evasion

@: very slightly contaminated, repel missiles, drained, very slow, not resistant
to hostile enchantments, very unstealthy
A: unfitting armour, tough skin 1
a: Bend Time, Renounce Religion


You were on level 3 of the Dungeon.
You worshipped Cheibriados.
Cheibriados was aware of your devotion.
You were not hungry.

You visited 1 branch of the dungeon, and saw 3 of its levels.

You collected 185 gold pieces.

Inventory:

Hand Weapons
 t - a +1 mace (weapon)
Armour
 a - a +0 robe (worn)
 b - a +0 hat (worn)
Jewellery
 m - a +3 ring of evasion (left hand)
 n - an uncursed ring of ice
Wands
 e - a wand of slowing (20/48)
Scrolls
 f - a scroll of immolation {unknown}
 i - a scroll of identify
Potions
 g - 2 potions of lignification
 h - a potion of flight
 p - a potion of resistance {unknown}
 s - 2 potions of curing
Books
 c - a book of Minor Magic

   Spells                             Type                      Level
   a - Magic Dart                     Conjuration                  1
   b - Blink                          Translocation                2
   c - Call Imp                       Summoning                    2
   d - Repel Missiles                 Charms/Air                   2
   e - Slow                           Hexes                        2
   f - Conjure Flame                  Conjuration/Fire             3
   g - Mephitic Cloud                 Conjuration/Poison/Air       3
Comestibles
 d - 2 bread rations
 j - 5 meat rations


   Skills:
 + Level 2.0(1.4) Fighting
 * Level 3.0(2.4) Maces & Flails
 - Level 2.6(2.0) Dodging
 - Level 1.5(0.9) Stealth
 - Level 3.6(3.0) Spellcasting
 - Level 0.6(0.0) Conjurations
 + Level 0.1(0.0) Charms
   Level 0.6(0.0) Summonings
 + Level 0.6(0.0) Translocations
 + Level 0.1(0.0) Air Magic


You had 2 spell levels left.
You knew the following spells:

 Your Spells              Type           Power        Failure   Level  Hunger
a - Magic Dart            Conj           #...         17%         1    None
b - Blink                 Tloc           N/A          24%         2    ##.....
c - Repel Missiles        Chrm/Air       #.....       24%         2    ##.....
d - Conjure Flame         Conj/Fire      #.......     47%         3    ###....


Dungeon Overview and Level Annotations

Branches:
Dungeon (3/15)

Altars:
Ashenzari
Cheibriados

Annotations:
D:3 Crazy Yiuf


Innate Abilities, Weirdness & Mutations

You are too large for most types of armour.
You have tough skin (AC +1).


Message History

Casting: Magic Dart
Confirm with . or Enter, or press ? or * to list all spells.
Aiming: Magic Dart
Press: ? - help, Shift-Dir - straight line, f/p - Crazy Yiuf
Aim: Crazy Yiuf, wielding a quarterstaff of chaos and wearing a glowing cloak The magic dart hits Crazy Yiuf.
You hit Crazy Yiuf but do no damage.
Crazy Yiuf hits you with a quarterstaff of chaos!
Crazy Yiuf burns you. Crazy Yiuf closely misses you.
You hit Crazy Yiuf.
Crazy Yiuf is lightly wounded.
Crazy Yiuf hits you with a quarterstaff of chaos!
You feel drained.
You closely miss Crazy Yiuf.
Crazy Yiuf is lightly wounded.
Crazy Yiuf hits you but does no damage.
You feel drained.
You hit Crazy Yiuf.
Crazy Yiuf is moderately wounded.
Crazy Yiuf hits you with a quarterstaff of chaos!
You die...

##...##########.#
#.....†.........#
#....#######.####
#....# #.#######
#PP.P# #.......#
##P#.# #######.#
##.## #... ##.#
##########.#.
#@##
#.........<#.
##g#
#####......#.
#.##
#............ #'#
#............ ...
#......).....
#...#
#............
#)..#
#............
#####
#............
#............


You could see Crazy Yiuf.

Vanquished Creatures
  An adder (D:3)
  A giant gecko (D:2)
  3 orcs (D:2)
  3 giant cockroaches
  7 goblins
  9 hobgoblins
  3 jackals (D:3)
  9 kobolds
  A quokka (D:2)
  3 bats (D:1)
  4 giant newts
  8 rats
  A fungus (D:3)
53 creatures vanquished.

Notes
Turn   | Place    | Note
--------------------------------------------------------------
     0 | D:1      | wvc the Ogre Wizard began the quest for the Orb.
     0 | D:1      | Reached XP level 1. HP: 16/16 MP: 5/5
   256 | D:1      | Reached XP level 2. HP: 24/24 MP: 4/6
   778 | D:1      | Learned a level 2 spell: Blink
   781 | D:1      | Learned a level 2 spell: Repel Missiles
   806 | D:2      | Reached skill level 1 in Maces & Flails
   913 | D:2      | Reached XP level 3. HP: 25/32 MP: 6/8
  1260 | D:2      | Found a snail-covered altar of Cheibriados.
  1281 | D:2      | Became a worshipper of Cheibriados the Contemplative
  1699 | D:2      | Reached skill level 1 in Fighting
  1866 | D:3      | Found a shattered altar of Ashenzari.
  1883 | D:3      | Reached * piety under Cheibriados
  1883 | D:3      | Reached XP level 4. HP: 33/42 MP: 4/9
  2031 | D:3      | Learned a level 3 spell: Conjure Flame
  2598 | D:3      | Noticed Crazy Yiuf
  2612 | D:3      | Slain by Crazy Yiuf

Vault maps used:
D:1:      scummos_arrival_simple_crosswalls
D:2:      cheibriados_altar_wand_db
D:3:      evilmike_ruin_ashenzari, uniq_crazy_yiuf_cottage

Action                   |  1- 3 |  4- 6 || total
-------------------------+-------+-------++-------
Melee: Unarmed           |     9 |       ||     9
       Club              |    21 |       ||    21
       Mace              |    63 |    49 ||   112
 Cast: Magic Dart        |    47 |     8 ||    55
       Repel Missiles    |     2 |       ||     2
       Conjure Flame     |       |     1 ||     1
  Use: Potion            |     3 |       ||     3
       Scroll            |       |     6 ||     6
  Eat: Royal jelly       |     1 |       ||     1
       Fruit             |     1 |       ||     1
       Beef jerky        |     1 |       ||     1
